AoeStats
← Favriel

Arabia

509680813Analyzed
2v2 RM · 4d ago on Sep 27, 2026· 47m 10s· 4 players
Game mode
Random Map
Map size
Medium (4 player)
Population
200
Speed
Normal
Resources
Standard
Victory
Conquest
Starting age
Dark Age
Ending age
Imperial Age
RankedLock teamsTeams togetherTeam positionsShared explorationLock speedFull tech treeHidden civsTurbo modeCheats
Victory
Defeat
🇨🇴 Varangians · Colombia
1148
+17
🇨🇿 Mongols · Czechia
1142
+17
🇹🇷 Spanish · Türkiye
1214
-19
🇹🇷 Turks · Türkiye
1125
-15
Azmir
8:54 Feudal Age
10:07 Double-Bit Axe
13:37 Loom
20:12 Town Watch
22:31 Castle Age
22:13 Bloodlines
22:09 Scale Barding Armor
22:15 Forging
22:53 Horse Collar
23:05 Gold Mining
24:43 Bow Saw
30:14 Chain Barding Armor
30:06 Husbandry
34:19 Gold Shaft Mining
33:54 Heavy Plow
35:38 Iron Casting
41:32 Imperial Age
40:52 Stone Mining
41:25 Ballistics
40:57 Fletching
42:13 Wheelbarrow
41:23 Town Watch
43:23 Cavalier
46:10 Blast Furnace
45:41 Conscription
45:50 Bodkin Arrow
46:56 Hand Cart
COL | TheFaura
1:44 Loom
9:24 Feudal Age
21:28 Castle Age
20:10 Bloodlines
20:01 Stone Mining
21:57 Wheelbarrow
21:29 Scale Barding Armor
22:18 Forging
35:46 Imperial Age
33:06 Town Watch
34:01 Husbandry
34:35 Gold Mining
34:42 Double-Bit Axe
36:06 Chain Barding Armor
36:17 Bow Saw
35:48 Horse Collar
36:57 Conscription
38:22 Iron Casting
38:37 Heavy Plow
40:25 Blast Furnace
39:48 Devotion
41:39 Elite Skirmisher
42:11 Fletching
42:23 Padded Archer Armor
42:58 Gothikon
44:43 Plate Barding Armor
46:14 Chemistry
45:45 Leather Archer Armor
46:38 Bodkin Arrow
47:18 Hand Cart
Favriel
6:39 Loom
6:55 Loom
10:04 Feudal Age
12:07 Double-Bit Axe
19:34 Horse Collar
22:10 Castle Age
21:25 Bloodlines
21:28 Forging
21:25 Scale Barding Armor
21:58 Gold Mining
22:40 Forging
23:03 Stone Mining
26:00 Wheelbarrow
31:36 Heavy Plow
32:01 Fletching
32:53 Husbandry
38:40 Town Watch
39:11 Hand Cart
40:25 Bodkin Arrow
40:31 Padded Archer Armor
Oronax
7:20 Loom
9:59 Feudal Age
11:58 Double-Bit Axe
23:43 Castle Age
24:16 Gold Mining
24:50 Scale Barding Armor
25:00 Forging
25:47 Bow Saw
32:01 Fletching
33:49 Padded Archer Armor
41:41 Horse Collar
Connection lost

Rejoining the realm…

Still unreachable

The connection could not be restored.

Session expired

The server has moved on; the page needs a fresh start.